 Dungeon Crawl Stone Soup version 0.26-a0-665-gefeb406119 (webtiles) character file.

Game seed: 10328338668887762219

945 timneilson the Covered (level 8, -7/48 HPs)
             Began as a Gargoyle Fighter on Oct 15, 2020.
             Mangled by Prince Ribbit (11 damage)
             ... on level 5 of the Dungeon.
             The game lasted 00:06:51 (5221 turns).

timneilson the Covered (Gargoyle Fighter)           Turns: 5221, Time: 00:06:52

Health: -7/48      AC: 15    Str: 22    XL:     8   Next: 13%
Magic:  8/8        EV:  8    Int:  9    God:
Gold:   316        SH: 10    Dex:  9    Spells: 7/7 levels left

rFire    . . .     SeeInvis .   a - +1 long sword
rCold    . . .     Faith    .   c - +0 kite shield
rNeg     + . .     Spirit   .   b - +0 scale mail
rPois    ∞         Reflect  .   g - +1 helmet
rElec    +         Harm     .   r - scarf {repulsion}
rCorr    +         Rampage  .   (no gloves)
MR       .....                  (no boots)
Stlth    +.........             (no amulet)
HPRegen  0.16/turn              q - ring of resist corrosion
MPRegen  0.11/turn              p - ring of stealth

@: repel missiles
A: negative energy resistance 1, electricity resistance, unbreathing,
petrification resistance, rot immunity, AC +5
a: no special abilities


You were on level 5 of the Dungeon.
You visited 1 branch of the dungeon, and saw 5 of its levels.

You collected 316 gold pieces.

Inventory:

Hand Weapons
 a - a +1 long sword (weapon)
Armour
 b - a +0 scale mail (worn)
 c - a +0 kite shield (worn)
 g - a +1 helmet (worn)
 i - a +0 chain mail
 r - a scarf of repulsion (worn)
Jewellery
 p - a ring of stealth (right hand)
 q - a ring of resist corrosion (left hand)
 t - a cursed amulet of inaccuracy {unknown}
Wands
 h - a wand of flame (13)
 j - a wand of enslavement (9)
 k - a wand of random effects (27)
 o - a wand of acid (6)
Scrolls
 l - a scroll of magic mapping
 v - a scroll of identify
 w - a scroll of enchant armour
 x - a scroll of remove curse
Potions
 d - a potion of haste {unknown}
 e - 3 potions of heal wounds
 f - 4 potions of curing
 m - a potion of brilliance
 n - a potion of stabbing {unknown}
 s - a potion of might
 u - a potion of mutation {unknown}


   Skills:
 + Level 4.7 Fighting
 * Level 4.5 Long Blades
 * Level 6.0 Armour
 * Level 6.0 Shields
 + Level 2.1 Evocations


You had 7 spell levels left.
You didn't know any spells.
Your spell library was empty.

Dungeon Overview and Level Annotations

Branches:
Dungeon (5/15)
 Temple: D:4-7

Altars:
Fedhas
Hepliaklqana
Kikubaaqudgha
Nemelex Xobeh
Wu Jian
Yredelemnul

Shops:
D:5 *

Annotations:
D:5 Prince Ribbit


Innate Abilities, Weirdness & Mutations

You are resistant to torment.
Your stone body is resilient. (AC +5)
You are immune to poison.
You resist negative energy. (rN+)
You are resistant to electric shocks. (rElec)
You can survive without breathing.
You are immune to petrification.
You are immune to rotting.


Message History

You barely miss Prince Ribbit.
Prince Ribbit is moderately wounded.
You block Prince Ribbit's attack. Prince Ribbit hits you!
You hit Prince Ribbit.
Prince Ribbit is moderately wounded.
You block Prince Ribbit's attack. x2
You closely miss Prince Ribbit.
Prince Ribbit is moderately wounded.
Prince Ribbit hits you!
* * * LOW HITPOINT WARNING * * *
You block Prince Ribbit's attack.
You hit Prince Ribbit.
Prince Ribbit is heavily wounded.
Prince Ribbit hits you but does no damage.
You miss Prince Ribbit.
Prince Ribbit is heavily wounded.
Prince Ribbit hits you.
* * * LOW HITPOINT WARNING * * *
Prince Ribbit hits you!
You die...

.# #.# #.# #....... .# #####
##.## #.# ##...... ##
##...###...###.## ##....... .#
##.........###...# #......##
.#####......##### #...###......##
........#....######......###...##
##....#####.................##..#
###..# #..................##.#
##.# ##....@F..........###.# #.#
#.#...............# #.# #.#
#.##..............## #.# #.# #.#
##.............# #.# #....#
##...........## #.# ...##
#...........# ### ###
###........## ##......## ########


You could see Prince Ribbit.

Vanquished Creatures
  An ogre (D:4)
  An ice beast (D:5)
  2 sky beasts
  A scorpion (D:5)
  A howler monkey (D:3)
  An orc priest (D:4)
  Ijyb (D:3)
  Terence (D:3)
  3 orc wizards
  4 worker ants
  10 gnolls
  4 adders
  A shadow imp (D:5)
  An ooze (D:2)
  An adder zombie (D:5)
  2 worms (D:4)
  4 dart slugs
  4 leopard geckos
  12 orcs
  4 giant cockroaches
  7 hobgoblins
  4 jackals (D:1)
  6 kobolds
  A quokka (D:2)
  2 ball pythons
  5 bats
  6 frilled lizards
  6 goblins
  A jackal skeleton (D:4)
  A jackal zombie (D:5)
  A quokka skeleton (D:3)
  3 rats (D:1)
  A spectral orc (D:3)
103 creatures vanquished.

Vanquished Creatures (others)
  3 plants (D:2)
3 creatures vanquished.

Grand Total: 106 creatures vanquished

Notes
Turn   | Place    | Note
-------+----------+-------------------------------------------
     0 | D:1      | timneilson the Gargoyle Fighter began the quest for the
                  | Orb.
     0 | D:1      | Reached XP level 1. HP: 14/14 MP: 1/1
   202 | D:1      | Reached XP level 2. HP: 19/19 MP: 2/2
   828 | D:1      | Reached XP level 3. HP: 23/23 MP: 3/3
  1534 | D:2      | Found a blossoming altar of Fedhas.
  1546 | D:2      | Reached XP level 4. HP: 28/28 MP: 4/4
  1873 | D:2      | Found an ancient bone altar of Kikubaaqudgha.
  2196 | D:3      | Found a basalt altar of Yredelemnul.
  2277 | D:3      | Reached XP level 5. HP: 32/33 MP: 5/5
  2279 | D:3      | Noticed Ijyb
  2288 | D:3      | Killed Ijyb
  2557 | D:3      | Noticed Terence
  2563 | D:3      | Killed Terence
  2745 | D:4      | Noticed an ogre
  2753 | D:4      | Killed an ogre
  2753 | D:4      | Reached XP level 6. HP: 30/38 MP: 6/6
  3103 | D:4      | Reached skill level 5 in Armour
  3103 | D:4      | Reached skill level 1 in Evocations
  3116 | D:4      | Reached skill level 5 in Shields
  3263 | D:4      | Noticed a sky beast
  3279 | D:4      | Killed a sky beast
  3279 | D:4      | Reached XP level 7. HP: 33/43 MP: 7/7
  3679 | D:4      | Found a hazy altar of Hepliaklqana.
  3727 | D:5      | Entered Level 5 of the Dungeon
  4184 | D:5      | Found Befeicul's General Store.
  4446 | D:5      | Found an ornate altar of the Wu Jian Council.
  4571 | D:5      | Reached XP level 8. HP: 47/48 MP: 8/8
  4620 | D:5      | Noticed Prince Ribbit
  5006 | D:5      | Found a sparkling altar of Nemelex Xobeh.
  5221 | D:5      | Mangled by Prince Ribbit

Illustrated notes

Levels and vault maps discovered:
D:1:      onia_arrival_mini_spirals, layout_loops_corners
D:2:      layout_rooms, fedhas_ov_isle_minmay, kiku_gazebo_pond_becter,
          kennysheep_donut, kennysheep_generic_room_9
D:3:      layout_basic, yredelemnul_forgotten_temple_becter, uniq_ijyb,
          uniq_terence
D:4:      layout_basic, kennysheep_mini
D:5:      layout_layer_cave, nemelex_xobeh_ov_fountains_minmay,
          overflow_temple_1_default, serial_shops, shop, uniq_prince_ribbit1

Skill      XL: |  1  2  3  4  5  6  7  8 |
---------------+-------------------------+-----
Long Blades    | 2 3 4 |  4.5
Armour         | 4 5 6 |  6.0
Shields        | 4 5 6 |  6.0
Fighting       | 4 |  4.7
Evocations     | 1 2 |  2.1

Action                   |  1- 3 |  4- 6 |  7- 9 || total
-------------------------+-------+-------+-------++-------
Melee: Long sword        |   135 |   173 |   167 ||   475
  Use: Scroll            |     3 |     7 |     2 ||    12
       Potion            |       |     1 |     1 ||     2
Armor: Scale mail        |    91 |    91 |    79 ||   261
Dodge: Dodged            |    52 |    54 |    60 ||   166
Block: Kite shield       |    89 |    88 |    98 ||   275
       Rpst.: Long sword |    12 |    12 |    15 ||    39

Table legend: (Time is in decaauts)
 A = Elapsed time spent in this place.
 B = Non-inter-level travel time spent in this place.
 C = Inter-level travel time spent in this place.
 D = Time resting spent in this place.
 E = Time spent auto-exploring this place.
 F = Levels seen in this place.
 G = Mean time per level.
                   A        B        C        D        E       F      G
               +--------+--------+--------+--------+--------+-----+--------+
         Total |   5372 |   5303 |     69 |     50 |   4227 |   5 | 1074.4 |
       Dungeon |   5372 |   5303 |     69 |     50 |   4227 |   5 | 1074.4 |
               +--------+--------+--------+--------+--------+-----+--------+

Top non-repeatable levels by time:
     D:5: 1467 daAuts
     D:1: 1194 daAuts
     D:4: 1147 daAuts
     D:2: 905 daAuts
     D:3: 657 daAuts
